 Dungeon Crawl Stone Soup version 0.30-a0-2-gf48d83f5e2 (webtiles) character file.

Game seed: 7794648519014204289

3850 KleinerIrrer the Grappler (level 9, -5/75 HPs)
             Began as a Black Draconian Transmuter on Aug 19, 2022.
             Was a Follower of Wu Jian.
             Slain by a shadow (26 damage)
             ... on level 9 of the Dungeon.
             The game lasted 00:19:32 (9572 turns).

KleinerIrrer the Grappler (DrTm)                    Turns: 9572, Time: 00:19:32

Health: -5/75      AC:  8    Str: 20    XL:     9   Next: 99%
Magic:  11/12      EV: 14    Int: 15    God:    Wu Jian [*.....]
Gold:   163        SH:  0    Dex: 13    Spells: 7/12 levels left

rFire   . . .      SeeInvis .    j - +9 dagger of Disembowelment {drain, rPois rN+ Will+ Stlth-}
rCold   + . .      Faith    .    (no shield)
rNeg    + . .      Spirit   .    (body armour unavailable)
rPois   +          Reflect  .    (helmet currently unavailable)
rElec   +          Harm     .    D - +0 cloak
rCorr   .          Rampage  .    (no gloves)
Will    +....                    (boots currently unavailable)
Stlth   ..........               (no amulet)
HPRegen 0.22/turn                z - ring of protection from cold
MPRegen 0.13/turn                y - +6 ring of strength

@: appendages (expiring)
A: horns 2, talons 2, breathe lightning, AC +7, unfitting armour, electricity
resistance, cold-blooded
a: Breathe Lightning, End Transformation, Renounce Religion


You were on level 9 of the Dungeon.
You worshipped Wu Jian.
Wu Jian was aware of your devotion.
You had temporarily grown beastly horns and talons.
You visited 2 branches of the dungeon, and saw 10 of its levels.

You collected 401 gold pieces.
You spent 238 gold pieces at shops.

Inventory:

Hand Weapons
 e - a +0 short sword
 j - the +9 dagger of Disembowelment (weapon) {drain, rPois rN+ Will+ Stlth-}
   (You found it on level 2 of the Dungeon)

   A truly terrible weapon, it drains the life of any living foe it strikes.
   rPois:     It protects you from poison.
   rN:        It protects you from negative energy.
   Will:      It increases your willpower.
   Stlth:     It makes you less stealthy.
Missiles
 n - 4 javelins (quivered)
Armour
 b - a +2 pair of boots (melded)
 D - a +0 cloak (worn)
Jewellery
 x - a ring of fire
 y - a +6 ring of strength (right hand)
 z - a ring of protection from cold (left hand)
Wands
 t - a wand of roots (18)
 B - a wand of light (8)
Scrolls
 c - 2 scrolls of fog
 d - a scroll of magic mapping {unknown}
 f - 2 scrolls of poison {unknown}
 g - 3 scrolls of teleportation
 i - a scroll of summoning {unknown}
 k - 3 scrolls of enchant armour {unknown}
 o - 4 scrolls of enchant weapon
 p - a scroll of immolation {unknown}
 A - a scroll of vulnerability {unknown}
 C - a scroll of blinking {unknown}
 E - a scroll of fear {unknown}
Potions
 a - 2 potions of lignification
 h - 2 potions of invisibility
 l - 2 potions of flight
 m - 2 potions of degeneration {unknown}
 q - 5 potions of curing
 r - 2 potions of brilliance
 s - 4 potions of attraction
 u - a potion of might {unknown}
 v - a potion of heal wounds
 w - a potion of ambrosia {unknown}


   Skills:
 - Level 5.8 Fighting
 - Level 5.1 Dodging
 + Level 11.4 Unarmed Combat
 - Level 2.0 Spellcasting
 - Level 5.6 Transmutations


You had 7 spell levels left.
You knew the following spells:

 Your Spells              Type           Power      Damage    Failure   Level
a - Beastly Appendage     Tmut           36%        N/A       2%          1
b - Wereblood             Tmut           18%        N/A       3%          2
c - Passwall              Tmut/Erth      7%         N/A       11%         2

Your spell library contained the following spells:

 Spells                   Type           Power      Damage    Failure   Level
 Sting                    Tmut/Pois      36%        1d4       7%          1
 Magic Dart               Conj           4%         1d3       22%         1
 Spider Form              Tmut/Pois      9%         N/A       22%         3
 Ensorcelled Hibernation  Hex/Ice        2%         N/A       32%         2
 Poisonous Vapours        Pois/Air       2%         N/A       32%         2
 Scorch                   Fire           2%         2d5       32%         2
 Searing Ray              Conj           2%         2d4       32%         2
 Summon Guardian Golem    Hex/Summ       1%         N/A       54%         3
 Swiftness                Air            1%         N/A       54%         3
 Ice Form                 Ice/Tmut       9%         N/A       56%         4
 Anguish                  Hex/Necr       0%         N/A       91%         4
 Flame Wave               Conj/Fire      1%         2d4       91%         4
 Fulminant Prism          Conj/Hex       0%         3d6       91%         4
 Olgreb's Toxic Radiance  Pois           1%         N/A       91%         4
 Summon Cactus Giant      Summ           0%         N/A       100%        6
 Orb of Destruction       Conj           0%         9d5       100%        7
 Spellforged Servitor     Conj/Summ      0%         N/A       100%        7


Dungeon Overview and Level Annotations

Branches:
Dungeon (9/15)             Temple (1/1) D:7
   Lair: D:8-11         Orc: D:9-12

Altars:
Ashenzari
Cheibriados
Dithmenos
Elyvilon
Gozag
Kikubaaqudgha
Makhleb
Nemelex Xobeh
Okawaru
Qazlal
Sif Muna
Trog
Uskayaw
Vehumet
Wu Jian
Xom
Yredelemnul
The Shining One

Shops:
D:1 (   D:9 *!


Innate Abilities, Weirdness & Mutations

You have temporarily grown beastly horns and talons.
You can breathe wild blasts of lightning.
Your glossy black scales are hard. (AC +7)
You cannot fit into any form of body armour.
You are resistant to electric shocks. (rElec)
You are cold-blooded and may be slowed by cold attacks.


Message History

The centaur closely misses you. The centaur kicks you.
The goblin barely misses you.
The centaur hits you but does no damage.
The centaur barely misses you.
Your magical contamination has completely faded away.
You puncture the centaur!
The centaur is almost dead.
The centaur closely misses you. x2; The goblin closely misses you.
Unknown command.
You hit the centaur.
You kill the centaur!
The Council accepts your kill.
The goblin hits you from afar with a +0 spear.
Unknown command.
You puncture the shadow! You claw the shadow.
The shadow is heavily damaged.
Your transformation is almost over.
The goblin barely misses you. The shadow closely misses you.
A goblin comes into view. It is wielding a +0 spear.
You puncture the shadow!
You tail-slap the shadow, but do no damage.
The shadow is almost destroyed.
The goblin closely misses you.
The shadow slips into darkness.
The shadow flickers and vanishes!
Deactivating autopickup; reactivate with Ctrl-A.
You closely miss something. The goblin hits you but does no damage.
The shadow strikes at you from the darkness!
* * * LOW HITPOINT WARNING * * *
Reactivating autopickup.
Unknown command.
You feel much better. The goblin barely misses you.
The shadow slips into darkness.
The shadow flickers and vanishes!
Deactivating autopickup; reactivate with Ctrl-A.
Okay, then.
You hit something. You claw something. You headbutt something.
Your tail-slap misses something.
Your punch misses something.
The shadow strikes at you from the darkness!
You die...

#.>..#...#.#...# ##.#
#....#......###..####
....###..........∩......
### ###......###....####
#.#.....#..# #.#..####
#.....#.#..# #......†.
..............###......)#
...##.##..(#...........##
......##@#.#...........##
#.gg)...............###
....######..#....#.#### .
#......... #.........
####..... #.... .... ...


You could see 2 goblins.

Vanquished Creatures
  Sigmund (D:3)
  A shadow (D:9)
  A wyvern (D:7)
  An acid dragon (D:8)
  A water moccasin (D:7)
  An orc warrior (D:7)
  A black bear (D:5)
  2 ice beasts
  3 sky beasts
  2 ogres (D:5)
  3 centaurs
  2 phantoms
  2 kobold brigands
  3 bullfrogs
  2 necrophages
  A scorpion (D:5)
  A gnoll sergeant (D:8)
  4 wights
  5 killer bees (D:9)
  4 howler monkeys
  4 orc priests
  A hound (D:6)
  5 jellies
  2 iguanas
  8 orc wizards
  9 gnolls
  8 adders
  A shadow imp (D:5)
  3 worms
  29 orcs
  4 bats
  6 endoplasms
  4 giant cockroaches
  5 goblins
  4 hobgoblins
  3 jackals (D:4)
  11 kobolds
  5 quokkas
  6 ball pythons
  3 frilled lizards
  3 rats (D:3)
165 creatures vanquished.

Notes
Turn   | Place    | Note
-------+----------+-------------------------------------------
     0 | D:1      | KleinerIrrer the Draconian Transmuter began the quest for
                  | the Orb.
     0 | D:1      | Reached XP level 1. HP: 16/16 MP: 3/3
   292 | D:1      | Found Yzirphode's Antique Weapon Emporium.
   795 | D:1      | Reached XP level 2. HP: 22/23 MP: 3/5
   808 | D:1      | Reached skill level 4 in Unarmed Combat
   810 | D:1      | Reached XP level 3. HP: 17/28 MP: 4/6
  1256 | D:2      | Identified the +9 dagger of Disembowelment {drain, rPois
                  | rN+ Will+ Stlth-}
  1310 | D:2      | Found a faded altar of an unknown god.
  1823 | D:3      | Noticed Sigmund
  1830 | D:3      | Killed Sigmund
  1831 | D:3      | Reached skill level 6 in Unarmed Combat
  1831 | D:3      | Reached XP level 4. HP: 21/35 MP: 5/7
  1831 | D:3      | Reached XP level 5. HP: 24/40 MP: 5/8
  2175 | D:3      | Reached XP level 6. HP: 47/47 MP: 9/9
  2306 | D:3      | Learned a level 2 spell: Wereblood
  2493 | D:3      | Learned a level 2 spell: Passwall
  3885 | D:5      | Entered Level 5 of the Dungeon
  3937 | D:5      | Your scales start taking on a glossy black colour.
  3937 | D:5      | Reached XP level 7. HP: 56/56 MP: 8/10
  3937 | D:5      | Gained mutation: You are resistant to electric shocks.
                  | (rElec) [Black Draconian growth]
  5139 | D:6      | Reached XP level 8. HP: 55/66 MP: 11/11
  5421 | D:6      | Reached skill level 5 in Fighting
  5440 | D:6      | Reached skill level 5 in Transmutations
  6196 | D:7      | Reached skill level 5 in Dodging
  6219 | D:7      | Reached skill level 7 in Unarmed Combat
  6650 | D:7      | Reached XP level 9. HP: 66/75 MP: 12/12
  6654 | D:7      | Reached skill level 8 in Unarmed Combat
  7221 | D:7      | Reached skill level 9 in Unarmed Combat
  7541 | D:7      | Found a staircase to the Ecumenical Temple.
  7646 | Temple   | Entered the Ecumenical Temple
  7773 | Temple   | Became a worshipper of the Wu Jian Council
  8558 | D:8      | Reached skill level 10 in Unarmed Combat
  9446 | D:9      | Found Nanlir's Distillery.
  9484 | D:9      | Reached skill level 11 in Unarmed Combat
  9506 | D:9      | Found Eklob's Assorted Antiques.
  9508 | D:9      | Bought a potion of heal wounds for 55 gold pieces
  9508 | D:9      | Bought a potion of invisibility for 88 gold pieces
  9508 | D:9      | Bought a potion of lignification for 33 gold pieces
  9516 | D:9      | Bought a scroll labelled ATWIGY XAULL for 31 gold pieces
  9516 | D:9      | Bought a scroll labelled OLUIN KONWEUGH for 31 gold pieces
  9558 | D:9      | Reached * piety under Wu Jian
  9572 | D:9      | Slain by a shadow

Illustrated notes

Levels and vault maps discovered:
D:1:      dpeg_arrival_triangle_fractal, layout_basic, serial_shops,
          nicolae_shop_crystal
D:2:      layout_rooms, serial_corexii_hall, corexii_hall_statues_s,
          corexii_hall_statues_i, basic_ecumenical_altar,
          hangedman_decor_growths
D:3:      layout_rooms, uniq_sigmund
D:4:      layout_cave_pools, serial_co_window_serial, co_window_corner_a,
          co_window_corner_a, co_window_of_opportunity_a, co_window_corner_a,
          co_window_paths_b, co_window_2corner, co_window_paths_c,
          co_window_of_opportunity_b, co_window_sun
D:5:      layout_gridville, kennysheep_generic_room_5
D:6:      layout_basic
D:7:      nicolae_cairo_tiling_very_big, layout_gridville
D:8:      layout_cave_pods
D:9:      layout_rooms, enter_bailey_3, serial_shops, shop,
          kennysheep_little_box, nicolae_shop_crystal, shop,
          nicolae_shop_bloodbath_and_beyond
Temple:   regret_index_temple_mists

Skill      XL: |  1  2  3  4  5  6  7  8  9 |
---------------+----------------------------+-----
Unarmed Combat | 4 6 7 11 | 11.4
Dodging        | 2 3 5 |  5.1
Fighting       | 2 4 5 |  5.8
Transmutations | 3 4 5 |  5.6
Spellcasting   | |  2.0

Action                   |  1- 3 |  4- 6 |  7- 9 || total
-------------------------+-------+-------+-------++-------
Melee: Unarmed           |    53 |       |       ||    53
       Kick              |     9 |     6 |    39 ||    54
       Tailslap          |    12 |     1 |    38 ||    51
       Headbutt          |     2 |     6 |    16 ||    24
       Dagger            |    37 |    97 |   283 ||   417
       Punch             |     1 |     1 |    10 ||    12
Throw: Javelin           |     2 |     5 |    13 ||    20
       Throwing net      |       |       |     1 ||     1
 Cast: Beastly Appendage |    12 |    19 |    16 ||    47
       Wereblood         |       |     5 |     5 ||    10
       Passwall          |       |     1 |       ||     1
Invok: Lunge             |       |       |     5 ||     5
 Abil: Breathe Lightning |       |       |    11 ||    11
  Use: Potion            |     1 |       |     2 ||     3
       Scroll            |       |       |     7 ||     7
Armor: Skin              |    39 |    32 |    92 ||   163
Dodge: Dodged            |    54 |    52 |   214 ||   320

Table legend: (Time is in decaauts)
 A = Elapsed time spent in this place.
 B = Non-inter-level travel time spent in this place.
 C = Inter-level travel time spent in this place.
 D = Time resting spent in this place.
 E = Time spent auto-exploring this place.
 F = Levels seen in this place.
 G = Mean time per level.
                   A        B        C        D        E       F      G
               +--------+--------+--------+--------+--------+-----+--------+
         Total |   9634 |   9054 |    580 |   1301 |   6510 |  10 |  963.4 |
       Dungeon |   9441 |   9050 |    391 |   1301 |   6510 |   9 | 1049.0 |
        Temple |    192 |      3 |    189 |      0 |      0 |   1 |  192.0 |
               +--------+--------+--------+--------+--------+-----+--------+

Top non-repeatable levels by time:
     D:7: 1495 daAuts
     D:5: 1347 daAuts
     D:8: 1301 daAuts
     D:6: 1225 daAuts
     D:2: 1015 daAuts
     D:1: 987 daAuts
     D:3: 968 daAuts
     D:4: 913 daAuts
  Temple: 192 daAuts
     D:9: 187 daAuts
